 Dungeon Crawl Stone Soup version 0.28-a0-1415-g7c84da036a (webtiles) character file.

Game seed: 5001234823588887158

31383 voltaire321 the Spear-Bearer (level 13, -12/106 HPs)
             Began as a Merfolk Gladiator on Jan 7, 2022.
             Was an Elder of Makhleb.
             Mangled by a minotaur (26 damage)
             ... in a Gauntlet on Jan 8, 2022.
             The game lasted 01:25:57 (25032 turns).

voltaire321 the Spear-Bearer (Merfolk Gladiator)   Turns: 25032, Time: 01:25:57

Health: -12/106    AC: 19    Str: 14    XL:     13   Next: 57%
Magic:  21/21      EV: 25    Int:  7    God:    Makhleb [****..]
Gold:   869        SH:  9    Dex: 21    Spells: 12/12 levels left

rFire   . . .      SeeInvis +   a - +1 trident
rCold   . . .      Faith    .   A - +3 buckler {AC+3}
rNeg    . . .      Spirit   .   z - +0 acid dragon scales
rPois   +          Reflect  .   c - +0 helmet
rElec   .          Harm     .   W - +1 cloak of Eqourietir {rPois SInv}
rCorr   +          Rampage  .   V - +0 pair of gloves {hurl}
Will    .....      NoTele   +   (no boots)
Stlth   +.........              S - amulet of the acrobat
HPRegen 0.27/turn               U - +4 ring of protection
MPRegen 0.17/turn               f - +4 ring of evasion

@: mighty
A: (nimble swimmer 2), mertail
a: Renounce Religion, Minor Destruction, Lesser Servant of Makhleb, Major
Destruction


You were in a Gauntlet.
You worshipped Makhleb.
Makhleb was greatly pleased with you.
You visited 3 branches of the dungeon, and saw 17 of its levels.
You also visited: Gauntlet.

You collected 989 gold pieces.
You spent 120 gold pieces at shops.

Inventory:

Hand Weapons
 a - a +1 trident (weapon)
Missiles
 b - 17 poisoned darts (quivered)
 d - 8 throwing nets
 F - 5 boomerangs
Armour
 c - a +0 helmet (worn)
 q - the +1 Delatra's gloves {ID++}
   (You found it on level 2 of the Dungeon)

   It heals its wearer when they drink unknown potions.
   It restores its wearer's MP when they read unknown scrolls.
 z - +0 acid dragon scales (worn)
 A - a +3 buckler of protection (worn)
 I - a +1 cloak
 V - a +0 pair of gloves of hurling (worn)
 W - the +1 cloak of Eqourietir (worn) {rPois SInv}
   (You found it in a Gauntlet)

   rPois:     It protects you from poison.
   SInv:      It lets you see invisible.
Jewellery
 e - a ring of ice
 f - a +4 ring of evasion (right hand)
 k - an amulet of guardian spirit
 m - a ring of protection from fire
 p - a ring of positive energy
 t - a ring of magical power
 u - a ring of resist corrosion
 y - a ring of positive energy
 Q - a +6 ring of intelligence
 S - an amulet of the acrobat (around neck)
 T - an amulet of magic regeneration
 U - a +4 ring of protection (left hand)
Wands
 i - a wand of paralysis (4)
 B - a wand of digging (7)
 C - a wand of iceblast (26)
 E - a wand of acid (10)
 K - a wand of mindburst (19)
Scrolls
 g - a scroll of fear
 j - 9 scrolls of identify
 l - 2 scrolls of teleportation
 s - 2 scrolls of enchant weapon
 v - 4 scrolls of fog
 w - 2 scrolls of magic mapping
 H - a scroll of silence
 J - 4 scrolls of amnesia
 O - a scroll of summoning
Potions
 h - 4 potions of flight
 n - 2 potions of haste
 o - a potion of resistance
 r - a potion of ambrosia
 x - a potion of curing
 D - a potion of brilliance
 G - a potion of might
 L - a potion of berserk rage
 M - a potion of magic
 N - 2 potions of mutation
 P - 3 potions of invisibility
 R - a potion of cancellation


   Skills:
 + Level 11.5 Fighting
 - Level 14.0 Polearms
 - Level 6.0 Throwing
 + Level 5.3 Armour
 + Level 13.9 Dodging
 - Level 6.4 Shields
 + Level 11.1 Invocations


You had 12 spell levels left.
You didn't know any spells.
Your spell library contained the following spells:

 Spells                   Type           Power      Damage    Failure   Level
 Sandblast                Erth           0%         2d4       63%         1
 Shock                    Conj/Air       0%         1d3       63%         1
 Ensorcelled Hibernation  Hex/Ice        0%         N/A       77%         2
 Passwall                 Tmut/Erth      0%         N/A       77%         2
 Static Discharge         Conj/Air       0%         N/A       77%         2
 Confusing Touch          Hex            0%         N/A       94%         3
 Gell's Gravitas          Tloc           0%         N/A       94%         3
 Lesser Beckoning         Tloc           0%         N/A       94%         3
 Ozocubu's Armour         Ice            0%         N/A       94%         3
 Spider Form              Tmut/Pois      0%         N/A       94%         3
 Stone Arrow              Conj/Erth      0%         3d7       94%         3
 Summon Guardian Golem    Hex/Summ       0%         N/A       94%         3
 Swiftness                Air            0%         N/A       94%         3
 Teleport Other           Tloc           0%         N/A       94%         3
 Airstrike                Air            0%         N/A       100%        4
 Lightning Bolt           Conj/Air       0%         1d11      100%        5
 Metabolic Englaciation   Hex/Ice        0%         N/A       100%        5
 Yara's Violent Unravell  Hex/Tmut       0%         3d3       100%        5
 Simulacrum               Ice/Necr       0%         N/A       100%        6
 Enfeeble                 Hex            0%         N/A       100%        7
 Orb of Destruction       Conj           0%         N/A       100%        7
 Spellforged Servitor     Conj/Summ      0%         N/A       100%        7
 Maxwell's Capacitive Co  Air            0%         ∞         100%        8


Dungeon Overview and Level Annotations

Branches:
Dungeon (11/15)            Temple (1/1) D:4            Lair (5/6) D:11
  Swamp (0/4) Lair:3       Spider (0/4) Lair:3        Slime (0/5) Lair:5
Gauntlet (1/1)
    Orc: D:9-12

Altars:
Ashenzari
Cheibriados
Dithmenos
Elyvilon
Fedhas
Gozag
Hepliaklqana
Kikubaaqudgha
Makhleb
Nemelex Xobeh
Okawaru
Qazlal
Ru
Sif Muna
Trog
Uskayaw
Vehumet
Wu Jian
Xom
Yredelemnul
Zin
The Shining One

Shops:
D:2 (   D:4 ?   D:5 (

Annotations:
Lair:4 2 transporters, Fiha's ghost, journeyman VSTm Gauntlet 8 transporters


Innate Abilities, Weirdness & Mutations

((You are very nimble when in or above water. (Stealth+, EV+, Speed+++)))
Your lower body shifts to a powerful aquatic tail in water.


Message History

You feel very mighty all of a sudden. The minotaur closely misses you.
The minotaur gores you but does no damage.
You barely miss the minotaur.
The minotaur is moderately wounded.
You hit the minotaur but do no damage.
The minotaur is moderately wounded.
The minotaur hits you but does no damage.
The minotaur gores you but does no damage.
You hit the minotaur.
The minotaur is moderately wounded.
The minotaur hits you with a +4 scimitar of flaming!!
* * * LOW HITPOINT WARNING * * *
The minotaur burns you.
* * * LOW HITPOINT WARNING * * *
You block the minotaur's attack.
You puncture the minotaur!
The minotaur is heavily wounded.
You hit the minotaur but do no damage.
The minotaur is heavily wounded.
The minotaur hits you but does no damage.
The minotaur barely misses you.
You closely miss the minotaur.
The minotaur furiously retaliates!
The minotaur headbutts you, but does no damage.
The minotaur is heavily wounded.
You puncture the minotaur!
The minotaur is severely wounded.
The minotaur completely misses you. You block the minotaur's attack.
You hit the minotaur.
The minotaur is severely wounded.
The minotaur hits you with a +4 scimitar of flaming!
* * * LOW HITPOINT WARNING * * *
The minotaur burns you.
* * * LOW HITPOINT WARNING * * *
You block the minotaur's attack.
As you read the scroll of fear, it crumbles to dust.
You assume a fearsome visage.
The minotaur resists with almost no effort.
The minotaur hits you with a +4 scimitar of flaming!!
You die...

.?#..#≈8≈#
.©#..#...######
..#..#.8.##...#
..#..#...##.#.#
#3#..#.8....#.#
.##..#...##.#.####+##
###..#...##...##..⌠.#
....≈#.©.##.#.##∩...#
....∩#......#.'.@H.⌠+
....≈#.©.##.#.##.⌠..#
###..#...##...###+###
..#..#...##.#.#
#.#..#.8....#.#
..#..#...##.#.#
#.#..#.8.##...#
.©#..#..§######
#(#..#≈8§#


You could see a minotaur.

Vanquished Creatures
  Snorg (D:9)
  A blizzard demon (Gauntlet)
  Harold (D:8)
  7 hydras
  A ghost crab (Gauntlet)
  3 two-headed ogres
  2 oklob plants (Lair:4)
  Pikel (D:4)
  A cyclops (D:11)
  3 black mambas
  7 elephants
  A centaur zombie (D:10)
  Maurice (D:8)
  Joseph (D:9)
  An unseen horror (D:10)
  5 cane toads
  7 komodo dragons
  A troll (D:11)
  2 polar bears (Lair:3)
  4 blink frogs
  A shadow (D:10)
  2 wyverns
  2 jumping spiders (Lair:3)
  14 yaks
  A wraith (D:11)
  Eustachio (D:4)
  A basilisk (Lair:1)
  2 vampire mosquitoes (D:11)
  4 swamp worms (Lair:3)
  10 water moccasins
  3 ice beasts
  7 orc warriors
  5 black bears
  2 sky beasts (D:6)
  23 wolves
  2 ogres
  2 necrophages
  A phantom (D:5)
  4 lemures
  A centaur (D:7)
  A kobold brigand (D:10)
  13 bullfrogs
  2 scorpions (D:7)
  A wyvern zombie (D:9)
  A wyvern skeleton (D:7)
  10 wights
  2 howler monkeys
  An electric eel (D:9)
  2 hounds
  5 orc priests
  A bullfrog skeleton (D:5)
  Crazy Yiuf (D:3)
  2 centaur skeletons
  3 iguanas
  9 orc wizards
  4 hell rats (Lair:4)
  A killer bee zombie (D:7)
  A hound skeleton (D:4)
  A howler monkey zombie (D:9)
  8 adders
  3 gnolls (D:4)
  A shadow imp (D:7)
  2 white imps
  An adder zombie (D:5)
  An adder skeleton (D:4)
  4 worms
  4 dart slugs
  41 orcs
  7 ball pythons
  5 bats
  3 endoplasms
  3 giant cockroaches
  8 goblins
  7 hobgoblins
  4 jackals (D:2)
  3 quokkas
  2 frilled lizards
  9 kobolds
  3 rats (D:1)
319 creatures vanquished.

Vanquished Creatures (collateral kills)
  A manticore (D:11)
  2 vampire mosquitoes (D:11)
  An acid dragon (D:10)
4 creatures vanquished.

Vanquished Creatures (others)
  3 orc wizards
  A bush (Lair:4)
  33 fungi
  56 plants
93 creatures vanquished.

Grand Total: 416 creatures vanquished

Notes
Turn   | Place    | Note
-------+----------+-------------------------------------------
     0 | D:1      | voltaire321 the Merfolk Gladiator began the quest for the
                  | Orb.
     0 | D:1      | Reached XP level 1. HP: 16/16 MP: 1/1
   202 | D:1      | Reached XP level 2. HP: 14/23 MP: 2/2
   486 | D:1      | Found a faded altar of an unknown god.
  1147 | D:1      | Reached XP level 3. HP: 27/28 MP: 3/3
  1431 | D:2      | Reached skill level 5 in Polearms
  1614 | D:2      | Found Ytokayna's Weapon Boutique.
  1618 | D:2      | Found a burning altar of Makhleb.
  1623 | D:2      | Became a worshipper of Makhleb the Destroyer
  1949 | D:2      | Reached XP level 4. HP: 15/34 MP: 4/4
  2140 | D:2      | Found the +1 Delatra's gloves {ID++}
  2397 | D:2      | Reached XP level 5. HP: 26/41 MP: 3/5
  2556 | D:3      | Reached skill level 1 in Shields
  2556 | D:3      | Reached skill level 1 in Invocations
  2590 | D:3      | Reached skill level 5 in Dodging
  2864 | D:3      | Found a runed translucent door.
  2865 | D:3      | Noticed Crazy Yiuf
  2884 | D:3      | Killed Crazy Yiuf
  3373 | D:4      | Noticed a lemure
  3373 | D:4      | Noticed a lemure
  3386 | D:4      | Noticed Pikel
  3403 | D:3      | Killed a lemure
  3535 | D:4      | Noticed a lemure
  3537 | D:4      | Noticed a lemure
  3580 | D:4      | Killed a lemure
  3766 | D:4      | Found a burning altar of Makhleb.
  3770 | D:4      | Noticed a black bear
  3780 | D:4      | Killed a black bear
  3780 | D:4      | Reached * piety under Makhleb
  3781 | D:4      | Reached XP level 6. HP: 37/47 MP: 7/7
  3951 | D:4      | Found a basalt altar of Yredelemnul.
  4020 | D:4      | Killed Pikel
  4021 | D:4      | Reached skill level 6 in Polearms
  4021 | D:4      | Reached skill level 1 in Armour
  4021 | D:4      | Reached XP level 7. HP: 31/54 MP: 9/9
  4174 | D:4      | Noticed Eustachio
  4302 | D:4      | Killed Eustachio
  4359 | D:4      | Reached XP level 8. HP: 31/61 MP: 10/10
  5139 | D:4      | Found a staircase to the Ecumenical Temple.
  5147 | Temple   | Entered the Ecumenical Temple
  5601 | D:4      | Reached skill level 7 in Polearms
  6120 | D:4      | Found Gueset's Magic Scroll Shoppe.
  6125 | D:4      | Bought a scroll of identify for 20 gold pieces
  6125 | D:4      | Bought a scroll of magic mapping for 35 gold pieces
  6125 | D:4      | Bought a scroll of teleportation for 30 gold pieces
  6125 | D:4      | Bought a scroll of fear for 35 gold pieces
  6165 | D:5      | Entered Level 5 of the Dungeon
  6705 | D:5      | Reached skill level 5 in Fighting
  7246 | D:5      | Reached XP level 9. HP: 60/68 MP: 12/12
  7323 | D:5      | Found Rumonk's Weapon Boutique.
  7832 | D:6      | Reached skill level 8 in Polearms
  8173 | D:6      | Reached ** piety under Makhleb
  8182 | D:6      | Reached skill level 5 in Throwing
  9122 | D:7      | Reached skill level 5 in Invocations
  9777 | D:8      | Noticed Maurice
  9801 | D:8      | HP: 3/69 [Maurice/bolt of acid (26)]
 10333 | D:8      | Reached skill level 9 in Polearms
 10333 | D:8      | Reached XP level 10. HP: 76/76 MP: 14/14
 10366 | D:8      | Killed Maurice
 10367 | D:8      | Reached skill level 5 in Shields
 10425 | D:8      | Noticed Harold
 10615 | D:8      | Killed Harold
 11310 | D:9      | Noticed Joseph
 11339 | D:9      | HP: 3/77 [Joseph (8)]
 11343 | D:9      | Killed Joseph
 12501 | D:10     | Entered Level 10 of the Dungeon
 12816 | D:10     | Noticed Snorg
 12886 | D:9      | Killed Snorg
 12887 | D:9      | Reached skill level 10 in Polearms
 13357 | D:10     | Noticed a two-headed ogre
 13373 | D:10     | Killed a two-headed ogre
 13374 | D:10     | Reached XP level 11. HP: 44/84 MP: 12/16
 13756 | D:10     | Noticed a two-headed ogre
 14018 | D:10     | Killed a two-headed ogre
 14414 | D:10     | Reached *** piety under Makhleb
 15256 | D:11     | Noticed a two-headed ogre
 15281 | D:11     | Killed a two-headed ogre
 15282 | D:11     | Reached skill level 11 in Polearms
 15282 | D:11     | Reached skill level 10 in Dodging
 15551 | D:11     | Reached skill level 5 in Armour
 15761 | D:11     | Noticed a manticore
 15918 | D:11     | Noticed a cyclops
 15933 | D:11     | Killed a cyclops
 15988 | D:11     | Found a staircase to the Lair.
 16251 | D:11     | Killed a manticore
 16455 | Lair:1   | Entered Level 1 of the Lair of Beasts
 16906 | Lair:1   | Reached skill level 12 in Polearms
 16989 | D:11     | Reached XP level 12. HP: 90/94 MP: 18/18
 18349 | Lair:2   | Noticed a four-headed hydra
 18377 | Lair:2   | Killed a four-headed hydra
 18535 | Lair:2   | Noticed a five-headed hydra
 18552 | Lair:2   | Killed a five-headed hydra
 18784 | Lair:2   | Noticed a four-headed hydra
 18810 | Lair:2   | Killed a four-headed hydra
 18811 | Lair:2   | Reached skill level 13 in Polearms
 19601 | Lair:2   | Reached skill level 10 in Fighting
 20206 | Lair:2   | Noticed a six-headed hydra
 20229 | Lair:2   | Noticed a five-headed hydra
 20262 | Lair:2   | Killed a six-headed hydra
 20913 | Lair:3   | Found a hole to the Spider Nest.
 21187 | Lair:3   | Reached skill level 10 in Invocations
 21202 | Lair:3   | Noticed a five-headed hydra
 21203 | Lair:3   | Noticed a four-headed hydra
 21224 | Lair:3   | Reached XP level 13. HP: 96/104 MP: 20/20
 21243 | Lair:3   | Reached skill level 14 in Polearms
 21301 | Lair:3   | Reached **** piety under Makhleb
 21571 | Lair:3   | Found a staircase to the Swamp.
 22129 | Lair:3   | Noticed an ice dragon
 22419 | Lair:4   | Found a transporter.
 22426 | Lair:4   | Noticed Fiha's ghost (journeyman VSTm)
 22440 | Lair:4   | Found a transporter.
 24220 | Lair:5   | Found a gate leading to a gauntlet.
 24248 | Gauntlet | Entered a Gauntlet
 24248 | Gauntlet | Found a transporter.
 24248 | Gauntlet | Found a transporter.
 24249 | Gauntlet | Found a transporter.
 24249 | Gauntlet | Found a transporter.
 24274 | Gauntlet | Found a transporter.
 24276 | Gauntlet | Noticed a blizzard demon
 24284 | Gauntlet | Found a transporter.
 24305 | Gauntlet | Found a transporter.
 24311 | Gauntlet | Found a transporter.
 24340 | Gauntlet | Found a transporter.
 24346 | Gauntlet | Found a transporter.
 24391 | Gauntlet | Found a transporter.
 24414 | Gauntlet | Found a transporter.
 24561 | Gauntlet | Killed a blizzard demon
 24961 | Gauntlet | Identified the +1 cloak of Eqourietir {rPois SInv}
 25013 | Gauntlet | Noticed a minotaur
 25032 | Gauntlet | Mangled by a minotaur

Illustrated notes

Levels and vault maps discovered:
D:1:      nicolae_arrival_somewhat_less_tricky_arrival, layout_basic,
          shapermc_ecumenical_altar_hornbeckon, kennysheep_doodads,
          minmay_tromino_v7
D:2:      cheibrodos_old_hovel, layout_rooms, serial_shops, shop, basic_altar,
          pf_guarded_unrand_delatra
D:3:      layout_rooms, uniq_crazy_yiuf_cottage
D:4:      layout_rooms, mainiacjoe_overflow_catwalk_spiral,
          minmay_temple_entry_wispy, serial_forest, infiniplex_forest_lined_2,
          infiniplex_forest_clump_diagonal, infiniplex_forest_3_way,
          infiniplex_forest_lined_1, infiniplex_forest_lined_3_way,
          infiniplex_forest_end_2, infiniplex_forest_zigzag_1,
          infiniplex_forest_end_2, infiniplex_forest_clump_C, serial_shops,
          kennysheep_mini_moat, abandoned_shop, guppyfry_early_orc_mine,
          uniq_pikel, uniq_eustachio
D:5:      black_bear_nest_2, layout_basic, serial_shops, shop
D:6:      layout_basic, hangedman_decor_slide_cut
D:7:      layout_loops_corners
D:8:      layout_basic, uniq_harold, uniq_maurice
D:9:      layout_basic, minivault_14, uniq_joseph
D:10:     layout_roguey, dk_vineyard_2, uniq_snorg
D:11:     layout_cave_pods, lair_entry_dummy, abandoned_shop
Temple:   mainiacjoe_temple_cubbyholes
Lair:1:   layout_cave_pods, lemuel_fruit_tree, serial_bayou_shore_b
Lair:2:   layout_cave_pods
Lair:3:   dragon1_lemuel, layout_loops_ring, palyth_hydra_swamp_entry,
          spider_nest_entry_a, beast_lair_carwin_7, serial_bayou_shore_b
Lair:4:   dpeg_oklob_shooting_range, layout_regular_city, gammafunk_ghost_arena
Lair:5:   layout_cave_shapes, minmay_slime_entry_oklob_enclosed,
          gauntlet_entry_generic, grunt_megastairs_1,
          infiniplex_staircase_pool_2
Gauntlet: gammafunk_gauntlet_shortcut [nicolae_gauntlet_arena_quarters,
          gammafunk_gauntlet_arena_grid, gammafunk_gauntlet_arena_hedges,
          gammafunk_gauntlet_arena_mazey, gammafunk_gauntlet_arena_spirals,
          nicolae_gauntlet_arena_x, gauntlet_exit_hidden_loot]

Skill      XL: |  1  2  3  4  5  6  7  8  9 10 11 12 13 |
---------------+----------------------------------------+-----
Polearms       | 5 6 7 9 10 12 13 14 | 14.0
Fighting       | 3 4 5 6 7 8 10 11 | 11.5
Shields        | 1 2 3 4 6 |  6.4
Invocations    | 1 2 3 4 5 6 8 10 11 | 11.1
Dodging        | 5 6 7 8 9 10 12 13 | 13.9
Throwing       | 3 4 5 6 |  6.0
Armour         | 1 2 3 4 5 |  5.3

Action                   |  1- 3 |  4- 6 |  7- 9 | 10-12 | 13-15 || total
-------------------------+-------+-------+-------+-------+-------++-------
Melee: Trident           |   108 |   234 |   610 |  1471 |   618 ||  3041
       Punch             |     1 |       |       |       |       ||     1
       Tailslap          |       |     1 |       |     2 |    17 ||    20
       Unarmed           |       |       |       |    13 |       ||    13
Throw: Boomerang         |       |       |       |     9 |       ||     9
       Dart              |       |       |       |    24 |       ||    24
       Throwing net      |       |       |       |     1 |       ||     1
Invok: Lesser Servant of |       |       |       |     3 |       ||     3
       Minor Destruction |       |       |       |     4 |       ||     4
Evoke: Wand              |       |       |     9 |    13 |     2 ||    24
  Use: Scroll            |       |       |    12 |    14 |     4 ||    30
       Potion            |       |       |     3 |     1 |     8 ||    12
 Stab: Sleeping          |       |     1 |     3 |     2 |       ||     6
       Distracted        |       |       |     2 |     2 |       ||     4
Armor: Leather armour    |    18 |    52 |   110 |    20 |       ||   200
       Ring mail         |       |       |       |    54 |       ||    54
       Acid dragon scale |       |       |       |   226 |   112 ||   338
Dodge: Dodged            |    42 |    78 |   245 |  1027 |   516 ||  1908
Block: Tower shield      |    15 |   173 |   280 |       |       ||   468
       Buckler           |       |       |    49 |   562 |   284 ||   895

Table legend: (Time is in decaauts)
 A = Elapsed time spent in this place.
 B = Non-inter-level travel time spent in this place.
 C = Inter-level travel time spent in this place.
 D = Time resting spent in this place.
 E = Time spent auto-exploring this place.
 F = Levels seen in this place.
 G = Mean time per level.
                   A        B        C        D        E       F      G
               +--------+--------+--------+--------+--------+-----+--------+
         Total |  24630 |  23911 |    719 |   8798 |   7968 |  18 | 1368.3 |
       Dungeon |  16870 |  16299 |    571 |   6471 |   5225 |  11 | 1533.6 |
        Temple |    359 |    352 |      7 |      0 |    303 |   1 |  359.0 |
          Lair |   6644 |   6503 |    141 |   1938 |   2440 |   5 | 1328.8 |
      Gauntlet |    756 |    756 |      0 |    389 |      0 |   1 |  756.0 |
               +--------+--------+--------+--------+--------+-----+--------+

Top non-repeatable levels by time:
  Lair:2: 2317 daAuts
     D:9: 2269 daAuts
     D:4: 2117 daAuts
    D:11: 2004 daAuts
    D:10: 1684 daAuts
  Lair:4: 1668 daAuts
     D:7: 1483 daAuts
     D:1: 1414 daAuts
  Lair:1: 1377 daAuts
     D:2: 1327 daAuts
     D:5: 1277 daAuts
     D:6: 1237 daAuts
  Lair:3: 1228 daAuts
     D:3: 1127 daAuts
     D:8: 928 daAuts
